 Dungeon Crawl Stone Soup version 0.29.1-12-g30fa7ad0bf (webtiles) character file.

Game seed: 4252997858601806797

19146 BiteMe the Thaumaturge (level 12, -5/79 (81) HPs)
             Began as a Demigod Fire Elementalist on Jan 3, 2023.
             Slain by a troll (6 damage)
             ... led by an orc warlord
             ... on level 2 of the Orcish Mines.
             The game lasted 03:07:34 (18767 turns).

BiteMe the Thaumaturge (Demigod Fire Elementalist) Turns: 18767, Time: 03:07:35

HP:   -5/79 (81)    AC:  4    Str: 13    XL:     12   Next: 7%
MP:   2/32          EV: 17    Int: 32    God:
Gold: 1230          SH:  0    Dex: 24    Spells: 21/34 levels left

rFire   + . .      SeeInvis .   e - +4 great sword (spect)
rCold   x . .      Faith    .   (shield currently unavailable)
rNeg    . . .      Spirit   .   E - +1 leather armour of Submission {Int+4}
rPois   .          Reflect  .   t - +2 helmet {Int+3}
rElec   .          Harm     .   r - +2 cloak
rCorr   .          Rampage  .   u - +1 pair of gloves
Will    +....                   (no boots)
Stlth   ++........              k - amulet of regeneration
HPRegen 1.03/turn               c - ring of fire
MPRegen 0.23/turn               T - +6 ring of dexterity

@: corroded, lightly drained
A: high MP 1, forlorn, divine attributes
a: no special abilities


You were on level 2 of the Orcish Mines.
You visited 2 branches of the dungeon, and saw 12 of its levels.
You also visited: Ossuary and Bailey.

You collected 1230 gold pieces.

Inventory:

Hand Weapons
 e - a +4 spectral great sword (weapon)
 f - a +2 arbalest of flaming
 v - a +1 spectral trident
Missiles
 n - 2 throwing nets
 G - a javelin (quivered)
Armour
 d - a +0 troll leather armour
 r - a +2 cloak (worn)
 t - a +2 helmet of intelligence (worn)
 u - a +1 pair of gloves (worn)
 E - the +1 leather armour of Submission (worn) {Int+4}
   (You found it on level 3 of the Dungeon)

   Int:       It affects your intelligence (+4).
 H - +0 fire dragon scales
Magical Staves
 a - a staff of earth
Jewellery
 c - a ring of fire (left hand)
 k - an amulet of regeneration (around neck)
 x - a ring of see invisible
 D - a ring of ice
 T - a +6 ring of dexterity (right hand)
 V - a +6 ring of strength
Wands
 g - a wand of flame (12)
 s - a wand of charming (4)
 y - a wand of mindburst (12)
 K - a wand of quicksilver (3)
 X - a wand of iceblast (14)
 Y - a wand of digging (2)
Scrolls
 j - 3 scrolls of fog
 l - 4 scrolls of teleportation
 A - 2 scrolls of poison
 C - a scroll of blinking
 Z - a scroll of amnesia
Potions
 b - a potion of magic
 h - a potion of might {unknown}
 i - 2 potions of ambrosia
 m - 4 potions of curing
 p - a potion of lignification
 q - a potion of cancellation
 z - 6 potions of brilliance
 B - a potion of resistance
 N - 3 potions of flight


   Skills:
 + Level 0.3 Long Blades
 + Level 0.3 Polearms
 - Level 0.7 Throwing
 + Level 2.6 Armour
 * Level 6.7 Dodging
 - Level 1.7 Stealth
 * Level 11.6 Spellcasting
 * Level 6.1 Conjurations
 + Level 0.2 Hexes
 * Level 11.0 Fire Magic
 + Level 0.3 Evocations


You had 21 spell levels left.
You knew the following spells:

 Your Spells              Type           Power      Damage    Failure   Level
a - Foxfire               Conj/Fire      100%       2x1d9     1%          1
b - Scorch                Fire           100%       2d10      1%          2
c - Conjure Flame         Conj/Fire      84%        6-21      1%          3
d - Inner Flame           Hex/Fire       70%        N/A       1%          3
e - Flame Wave            Conj/Fire      84%        2d18      1%          4

Your spell library contained the following spells:

 Spells                   Type           Power      Damage    Failure   Level
 Slow                     Hex            80%        N/A       3%          1
 Confusing Touch          Hex            20%        N/A       9%          3
 Tukima's Dance           Hex            20%        N/A       9%          3
 Call Canine Familiar     Summ           18%        N/A       10%         3
 Portal Projectile        Hex/Tloc       38%        N/A       10%         3
 Vampiric Draining        Necr           18%        2d7       10%         3
 Leda's Liquefaction      Hex/Erth       9%         N/A       30%         4
 Passage of Golubria      Tloc           18%        N/A       32%         4
 Yara's Violent Unravell  Hex/Tmut       9%         3d6       65%         5
 Enfeeble                 Hex            10%        N/A       100%        7


Dungeon Overview and Level Annotations

Branches:
Dungeon (10/15)            Temple (0/1) D:6            Lair (0/5) D:8
    Orc (2/2) D:9         Ossuary (visited)          Bailey (visited)
    Elf: Orc:2

Shops:
D:1 (   D:8 !   Orc:1 *

Annotations:
D:8 3 runed translucent doors, soggyman666's ghost, novice GrFi
D:9 3 runed translucent doors, Rangus's ghost, novice GnWn


Innate Abilities, Weirdness & Mutations

You have an increased reservoir of magic. (+10% MP)
You shall have no god before yourself.
Your divine heritage dramatically boosts your attributes as you level up.


Message History

The troll claws your +4 spectral great sword but does no damage. x2
The orc warrior hits your +4 spectral great sword with a +0 scimitar!
Your spectral weapon shares its damage with you!
The orc sorcerer becomes larger for a moment.
The orc sorcerer hits your +4 spectral great sword with a +0 dagger.
The troll closely misses your +4 spectral great sword.
The troll misses your +4 spectral great sword. x2
The orc warrior hits your +4 spectral great sword with a +0 scimitar!
Your spectral weapon shares its damage with you!
Casting: Scorch (safe; 1% risk of failure)
Confirm with . or Enter, or press ? or * to list all spells.
You feel a surge of power!
Flames lash the troll.
The troll is lightly wounded.
The troll's fire resistance burns away.
The orc sorcerer shouts!
The orc sorcerer gestures at you while chanting.
The bolt of fire misses you.
Casting: Scorch (safe; 1% risk of failure)
Confirm with . or Enter, or press ? or * to list all spells.
Casting: Flame Wave (dangerous; 1% risk of failure)
Press: ? - help, Dir - look around, f - activate You feel a surge of power!
A wave of flame ripples out!
The flame wave engulfs the troll!!
The troll is burned terribly!
The troll is almost dead.
The flame wave engulfs the orc sorcerer!
You kill the orc sorcerer! (Press . to intensify the flame waves.)
The troll completely misses you. The troll claws you!
* * * LOW HITPOINT WARNING * * *
The troll claws you!
* * * LOW HITPOINT WARNING * * *
You feel better. The troll bites you.
* * * LOW HITPOINT WARNING * * *
The troll claws you!
* * * LOW HITPOINT WARNING * * *
The troll completely misses you. The orc warrior closely misses you.
The troll bites you.
* * * LOW HITPOINT WARNING * * *
The troll barely misses you. The troll claws you.
You die...

.....# #.T....###
......##.o....#
.......#o4....# ####
..............###..##
..........#..###....###
.........)####.#..§##.#
.#........§##...#....##
#........)§T#)....[)[<# ..
#.........§o@.....[.)[###....
.....#............#)..[......
....#####........###.).(.....
..# #..........##......... ..
##........#####.......
#..........# ........
#..........# ........
.............. ...#....
.....#.<.........###...


You could see a troll (combustible) and an orc warrior.

Vanquished Creatures
  4 two-headed ogres
  An orc high priest (Orc:2)
  6 orc knights
  3 orc sorcerers (Orc:2)
  4 trolls
  Grinder (D:5)
  A wraith (D:9)
  A vampire (D:9)
  A shadow (D:9)
  14 yaks (D:10)
  2 wyverns
  2 steam dragons (D:10)
  2 wargs (Orc:1)
  An acid dragon (D:8)
  Duvessa (D:6)
  17 orc warriors
  A sky beast (D:7)
  4 black bears
  3 wolves (D:8)
  4 ogres
  2 centaurs
  A phantom (D:4)
  3 kobold brigands
  2 gnoll sergeants
  Blork the orc (D:6)
  A necrophage (D:6)
  6 scorpions
  3 wights (D:7)
  Dowan (D:6)
  4 killer bees (D:9)
  An electric eel (D:8)
  3 howler monkeys
  A human zombie (Ossuary)
  A jelly (D:5)
  A gnoll bouda (D:7)
  15 orc priests
  11 hounds
  18 orc wizards
  4 mummies
  24 gnolls
  3 adders
  2 shadow imps
  3 ufetubi
  2 adder zombies (Ossuary)
  3 dart slugs
  89 orcs
  3 ball pythons
  6 bats
  3 endoplasms
  5 giant cockroaches (D:1)
  5 goblins
  4 hobgoblins
  3 jackals (D:2)
  4 quokkas
  A frilled lizard (D:1)
  A gnoll zombie (Ossuary)
  2 hobgoblin zombies (Ossuary)
  16 kobolds
  4 kobold zombies (Ossuary)
  3 quokka zombies (Ossuary)
  5 rats
  5 rat zombies (Ossuary)
348 creatures vanquished.

Vanquished Creatures (collateral kills)
  4 ugly things (D:8)
  A deep elf pyromancer (Bailey)
  An orc wizard (D:5)
  An orc (D:5)
7 creatures vanquished.

Vanquished Creatures (others)
  An orc wizard (Orc:2)
  An orc (Orc:2)
  544 foxfires
  4 fungi (D:7)
  4 toadstools (D:1)
554 creatures vanquished.

Grand Total: 909 creatures vanquished

Notes
Turn   | Place    | Note
-------+----------+-------------------------------------------
     0 | D:1      | BiteMe the Demigod Fire Elementalist began the quest for
                  | the Orb.
     0 | D:1      | Reached XP level 1. HP: 14/14 MP: 5/5
   318 | D:1      | Reached skill level 1 in Conjurations
   513 | D:1      | Reached XP level 2. HP: 20/20 MP: 0/7
  1380 | D:2      | Learned a level 2 spell: Scorch
  1853 | D:2      | Reached XP level 3. HP: 26/26 MP: 7/9
  3416 | D:3      | Identified the +1 leather armour of Submission {Int+4}
  3682 | D:4      | Reached XP level 4. HP: 31/33 MP: 1/10
  4063 | D:4      | Noticed a phantom
  4069 | D:4      | Killed a phantom
  4253 | D:4      | Reached XP level 5. HP: 38/38 MP: 3/12
  4421 | D:5      | Entered Level 5 of the Dungeon
  4423 | D:5      | Noticed a black bear
  4423 | D:5      | Noticed a black bear
  4428 | D:5      | Killed a black bear
  4431 | D:5      | Killed a black bear
  4432 | D:5      | Reached XP level 6. HP: 42/45 MP: 1/15
  4501 | D:5      | Found a sand-covered staircase.
  4508 | Ossuary  | Entered an ossuary
  4523 | Ossuary  | Reached XP level 7. HP: 43/50 MP: 1/17
  5824 | D:5      | Noticed Grinder
  5835 | D:5      | Reached skill level 5 in Spellcasting
  5881 | D:5      | Killed Grinder
  6208 | D:5      | Reached skill level 5 in Fire Magic
  6633 | D:5      | Reached XP level 8. HP: 57/57 MP: 15/20
  7095 | D:6      | Noticed Duvessa
  7095 | D:6      | Noticed Dowan
  7108 | D:6      | Killed Duvessa
  7111 | D:6      | Reached skill level 1 in Armour
  7151 | D:6      | Learned a level 3 spell: Conjure Flame
  7159 | D:6      | Killed Dowan
  7598 | D:6      | Noticed Blork the orc
  7608 | D:6      | Killed Blork the orc
  7803 | D:6      | Learned a level 3 spell: Inner Flame
  7808 | D:6      | Learned a level 4 spell: Flame Wave
  7856 | D:6      | Found a staircase to the Ecumenical Temple.
  8937 | D:7      | Reached XP level 9. HP: 57/62 MP: 8/23
  9658 | D:8      | Found a runed translucent gate.
  9658 | D:8      | Found a runed translucent gate.
  9660 | D:8      | Found a runed translucent gate.
  9660 | D:8      | Noticed a white ugly thing
  9661 | D:8      | Noticed a purple ugly thing
  9662 | D:8      | Noticed a red ugly thing
  9664 | D:8      | Noticed a brown ugly thing
 10021 | D:8      | Found Ohecseg's Distillery.
 10077 | D:8      | Noticed a two-headed ogre
 10129 | D:8      | Killed a two-headed ogre
 10595 | D:8      | Found a staircase to the Lair.
 10678 | D:8      | Reached skill level 5 in Dodging
 11086 | D:1      | Found Iraris's Antique Weapon Emporium.
 11903 | D:9      | Found a runed translucent gate.
 11903 | D:9      | Found a runed translucent gate.
 11903 | D:9      | Found a runed translucent gate.
 11905 | D:9      | Noticed a freezing wraith
 11905 | D:9      | Noticed Rangus's ghost (novice GnWn)
 11913 | D:9      | Reached XP level 10. HP: 69/69 MP: 17/26
 12199 | D:9      | Noticed an orb spider
 12205 | D:9      | Noticed a mana viper
 12205 | D:9      | an orb spider changed into a mana viper
 12227 | D:9      | a mana viper changed into a dream sheep
 12231 | D:9      | Found a staircase to the Orcish Mines.
 12231 | D:9      | Noticed a fire crab
 12231 | D:9      | a dream sheep changed into a fire crab
 12498 | D:9      | Noticed a two-headed ogre
 12510 | D:9      | Killed a two-headed ogre
 13413 | D:9      | Noticed a fire crab
 13454 | D:9      | Noticed a two-headed ogre
 13463 | D:9      | Killed a two-headed ogre
 13804 | D:8      | Killed a brown ugly thing
 13806 | D:8      | Killed a green ugly thing
 13806 | D:8      | Killed a brown ugly thing
 13807 | D:8      | Reached skill level 5 in Conjurations
 13809 | D:8      | Killed a green ugly thing
 13814 | D:8      | Found a runed translucent gate.
 13814 | D:8      | Found a runed translucent gate.
 13818 | D:8      | Found a runed translucent gate.
 13818 | D:8      | Noticed soggyman666's ghost (novice GrFi)
 13951 | D:10     | Entered Level 10 of the Dungeon
 14075 | D:10     | Reached XP level 11. HP: 72/74 MP: 6/29
 14076 | D:10     | Reached skill level 10 in Spellcasting
 14112 | D:10     | Found a flagged portal.
 14120 | Bailey   | Entered a bailey
 14292 | Bailey   | Noticed an orc knight
 14311 | Bailey   | Killed an orc knight
 14545 | Bailey   | Found a large runed translucent door.
 14545 | Bailey   | Found a large runed translucent door.
 14546 | Bailey   | Noticed a deep elf pyromancer
 14548 | Bailey   | Found the +6 lightning scales {swift, rElec}
 14616 | Bailey   | Killed a deep elf pyromancer
 15075 | D:10     | Reached skill level 10 in Fire Magic
 15597 | D:10     | Noticed a two-headed ogre
 15607 | D:10     | Killed a two-headed ogre
 16227 | Orc:1    | Entered Level 1 of the Orcish Mines
 16446 | Orc:2    | Entered Level 2 of the Orcish Mines
 17184 | Orc:2    | Noticed an orc knight
 17184 | Orc:2    | Noticed an orc knight
 17200 | Orc:2    | Paralysed by an orc sorcerer for 3 turns
 17207 | Orc:2    | HP: 3/71 [orc knight/bolt (3)]
 17212 | Orc:2    | Killed an orc knight
 17430 | Orc:2    | Noticed an orc knight
 17451 | Orc:2    | HP: 3/74 [orc priest/nerve-wracking pain[an orc knight]
                  | (5)]
 17623 | Orc:1    | Noticed an orc knight
 17639 | Orc:1    | Killed an orc knight
 17784 | Orc:1    | Noticed an orc knight
 17804 | Orc:1    | Killed an orc knight
 18265 | Orc:1    | Found Etoproyc's Overcharged Wands.
 18433 | Orc:2    | Killed an orc knight
 18506 | Orc:2    | Noticed an orc knight
 18514 | Orc:2    | Killed an orc knight
 18720 | Orc:2    | Noticed an orc high priest
 18735 | Orc:2    | Killed an orc high priest
 18736 | Orc:2    | Reached XP level 12. HP: 81/81 MP: 7/32
 18766 | Orc:2    | HP: 2/79 [troll[an orc warlord] (11)]
 18767 | Orc:2    | Slain by a troll

Illustrated notes

Levels and vault maps discovered:
D:1:      ldierk_walled_garden_2, layout_basic, serial_shops,
          nicolae_shop_behind_doors, minmay_worlds_worst_comb
D:2:      layout_basic, serial_forest, infiniplex_forest_straight_3,
          infiniplex_forest_straight_2, infiniplex_forest_clump_curved,
          infiniplex_forest_straight_3, infiniplex_forest_straight_3,
          infiniplex_forest_clump_small, infiniplex_forest_fountain,
          infiniplex_forest_lined_room_3, infiniplex_forest_corner_1,
          minmay_split_cup_large
D:3:      layout_basic, chequers_serial_rivers_micro_a, grunt_ministairs_12
D:4:      layout_rooms, mainiacjoe_overflow_catch_the_wave
D:5:      layout_basic, trog_ov_bears_minmay, grunt_dithmenos_smoke,
          gup_ossuary_entry_pyramid, uniq_grinder
D:6:      layout_rooms, minmay_temple_entry_mist, kennysheep_generic_room_7,
          uniq_blork_the_orc, uniq_duvessa
D:7:      layout_cave_pools, dreamdust_gnoll_farm
D:8:      layout_loops_cross, mainiacjoe_overflow_small_starburst,
          erik_lair_island, serial_shops, nicolae_shop_waterfront,
          ploomutoo_gammafunk_ghost_potion_laboratory
D:9:      layout_cave_pools, minmay_overflow_temple_star_quad, david_orc_5,
          ebering_ghost_gozag
D:10:     layout_loops_ring, enter_bailey_2
Orc:1:    cheibrodos_orc_arena, layout_caves, basic_altar,
          nicolae_shop_overcharged_wands
Orc:2:    grunt_orc_cross, layout_diamond_mine, serial_shops,
          nicolae_shop_window_shopping

Skill      XL: |  1  2  3  4  5  6  7  8  9 10 11 12 |
---------------+-------------------------------------+-----
Conjurations   | 1 2 3 4 5 6 |  6.1
Spellcasting   | 2 3 4 5 7 8 9 11 | 11.6
Fire Magic     | 3 4 5 6 7 9 10 11 | 11.0
Dodging        | 2 3 4 5 6 |  6.7
Armour         | 1 2 |  2.6
Long Blades    | |  0.3
Polearms       | |  0.3
Throwing       | |  0.7
Stealth        | |  1.7
Hexes          | |  0.2
Evocations     | |  0.3

Action                   |  1- 3 |  4- 6 |  7- 9 | 10-12 || total
-------------------------+-------+-------+-------+-------++-------
Melee: Short sword       |    22 |       |       |       ||    22
       Trident           |       |     4 |    14 |     2 ||    20
       War axe           |       |     1 |       |       ||     1
       Punch             |       |       |     1 |       ||     1
       Great sword       |       |       |       |    21 ||    21
Throw: Javelin           |     4 |     1 |     3 |     1 ||     9
       Boomerang         |       |     1 |       |       ||     1
 Cast: Foxfire           |    77 |    19 |   162 |    66 ||   324
       Scorch            |     3 |    21 |   107 |   198 ||   329
       Conjure Flame     |       |       |     5 |    25 ||    30
       Inner Flame       |       |       |     2 |     5 ||     7
       Flame Wave        |       |       |     1 |    16 ||    17
Evoke: Wand              |       |       |     5 |     6 ||    11
  Use: Scroll            |       |    10 |     8 |     9 ||    27
       Potion            |       |     1 |     2 |    19 ||    22
 Stab: Sleeping          |     3 |       |       |       ||     3
       Distracted        |       |     1 |       |       ||     1
Armor: Robe              |    12 |     4 |     6 |       ||    22
       Leather armour    |       |       |    16 |    23 ||    39
Dodge: Dodged            |    47 |    24 |    76 |   118 ||   265
